AoeStats
← Yuhor28

Arabia

508753862Analyzed
1v1 RM · 7d ago on Sep 23, 2026· 27m 59s· 2 players
Game mode
Random Map
Map size
Tiny (2 player)
Population
200
Speed
Normal
Resources
Standard
Victory
Conquest
Starting age
Dark Age
Ending age
Imperial Age
RankedLock teamsTeams togetherTeam positionsShared explorationLock speedFull tech treeHidden civsTurbo modeCheats
Victory
Defeat
🇰🇿 Cumans · Kazakhstan
687
+14
🇹🇷 Turks · Türkiye
649
-14
Yuhor28
14:27 Feudal Age
20:04 Castle Age
19:08 Scale Barding Armor
zeng1974
4:41 Loom
11:33 Feudal Age
19:33 Double-Bit Axe
19:36 Horse Collar
22:55 Fletching
26:14 Wheelbarrow
Connection lost

Rejoining the realm…

Still unreachable

The connection could not be restored.

Session expired

The server has moved on; the page needs a fresh start.